 Dungeon Crawl Stone Soup version 0.21-a0-29-g43b3074 (webtiles) character file.

1262 tof the Spear-Bearer (level 8, -2/62 HPs)
             Began as a Merfolk Gladiator on May 26, 2017.
             Was a Follower of Wu Jian.
             Slain by an orc warrior
             ... wielding a +0 glaive
              (13 damage)
             ... on level 7 of the Dungeon.
             The game lasted 00:14:29 (5304 turns).

tof the Spear-Bearer (Merfolk Gladiator)            Turns: 5304, Time: 00:14:30

Health: -2/62      AC:  4    Str: 14    XL:     8   Next: 52%
Magic:  8/8        EV: 16    Int:  7    God:    Wu Jian [*.....]
Gold:   99         SH:  0    Dex: 18    Spells: 7/7 levels left

rFire    + . .     SeeInvis .   q - +2 trident "Livagroitav" {venom, rF+ Stlth+} (curse)
rCold    . . .     Gourm    .   (no shield)
rNeg     . . .     Faith    .   b - +0 leather armour
rPois    .         Spirit   .   c - +0 helmet
rElec    .         Reflect  .   (no cloak)
rCorr    .         Harm     .   (no gloves)
MR       .....                  (no boots)
Stlth    ++........             A - amulet of regeneration
Regen    0.6/turn               (no ring)
MPRegen  0.2/turn               (no ring)

@: no status effects
A: change form in water, swift swim, stealthy swim
a: Renounce Religion


You were on level 7 of the Dungeon.
You worshipped Wu Jian.
Wu Jian was aware of your devotion.
You were hungry.

You visited 2 branches of the dungeon, and saw 9 of its levels.

You collected 189 gold pieces.
You spent 90 gold pieces at shops.

Inventory:

Hand Weapons
 a - a +0 quarterstaff
 q - the cursed +2 trident "Livagroitav" (weapon) {venom, rF+ Stlth+}
   (You found it on level 4 of the Dungeon)

   It poisons the flesh of those it strikes.
   It protects you from fire.
   It makes you more stealthy.
   It has a curse placed upon it.
Missiles
 d - a throwing net
 j - 8 poisoned needles
 k - 7 curare-tipped needles
 y - 4 tomahawks (quivered)
Armour
 b - a +0 leather armour (worn)
 c - a +0 helmet (worn)
Jewellery
 A - an amulet of regeneration (around neck)
Wands
 m - a wand of flame (18/48)
 u - a wand of paralysis (11/24)
Scrolls
 e - 2 scrolls of teleportation
 i - a scroll of fog {unknown}
 l - a scroll of magic mapping {unknown}
 o - a scroll of fear {unknown}
 p - 3 scrolls of remove curse
 s - a scroll of blinking
 t - a scroll of enchant weapon {unknown}
Potions
 n - 2 potions of curing
 r - a potion of lignification {unknown}
 v - 2 potions of heal wounds
 x - a potion of agility {unknown}
 z - 2 potions of flight {unknown}
Comestibles
 f - 4 bread rations
 g - 5 royal jellies
 h - 2 meat rations


   Skills:
 + Level 5.2 Fighting
 * Level 8.0(9.0) Polearms
 - Level 3.5(4.6) Staves
 + Level 4.8 Throwing
 + Level 6.9 Dodging


You had 7 spell levels left.
You didn't know any spells.

Dungeon Overview and Level Annotations

Branches:
Dungeon (8/15)             Temple (1/1) D:4
   Lair: D:8-11

Altars:
Cheibriados
Dithmenos
Gozag
Hepliaklqana
Kikubaaqudgha
Makhleb
Sif Muna
Trog
Uskayaw
Vehumet
Wu Jian
Xom
Yredelemnul
The Shining One

Shops:
D:8 *

Annotations:
D:3 Stendarr's ghost, amateur MiWn
D:6 Protee's ghost, novice DrTm


Message History

You hit the orc but do no damage.
The orc looks as sick as possible!
The orc is heavily wounded.
You kill the orc!
The Council accepts your kill.
The orc warrior hits you from afar with a glaive!
An orc priest comes into view.
You are too injured to fight recklessly!
You are too injured to fight recklessly!
You are too injured to fight recklessly!
You are too injured to fight recklessly!
You are too injured to fight recklessly!
You hit the orc priest.
The orc priest is lightly wounded.
The orc priest calls down the wrath of Beogh upon you.
Beogh smites you!
* * * LOW HITPOINT WARNING * * *
You hit the orc priest.
The orc priest is poisoned.
The orc priest is lightly wounded.
The orc warrior hits you from afar with a glaive!
You die...

#.# #.#
#.# #.#
#o#.#
#.#.#
#.#.#
#.#@#
###oo.#
#.....# #
#.#...#.#
#...#>..#
#####.###
..# ####


You could see an orc warrior and an orc priest.

Vanquished Creatures
  2 ogres (D:5)
  2 centaurs (D:5)
  2 bullfrogs
  A killer bee (D:8)
  2 scorpions (D:5)
  A howler monkey (D:5)
  A crimson imp (D:4)
  2 hounds
  A jelly (D:6)
  2 orc priests (D:5)
  An iguana (D:4)
  Jessica (D:2)
  5 orc wizards (D:5)
  5 worker ants
  A hound skeleton (D:6)
  A hound zombie (D:5)
  3 adders
  An adder skeleton (D:3)
  2 worms
  3 dart slugs
  2 leopard geckos
  12 orcs
  3 giant cockroaches
  6 hobgoblins
  7 jackals
  4 quokkas
  7 bats
  2 frilled lizards
  5 goblins
  4 kobolds
  4 rats
95 creatures vanquished.

Notes
Turn   | Place    | Note
-------+----------+-------------------------------------------
     0 | D:1      | tof the Merfolk Gladiator began the quest for the Orb.
     0 | D:1      | Reached XP level 1. HP: 16/16 MP: 1/1
   196 | D:1      | Reached XP level 2. HP: 22/23 MP: 2/2
   763 | D:1      | Reached XP level 3. HP: 28/28 MP: 3/3
  1662 | D:2      | Noticed Jessica
  1667 | D:2      | Killed Jessica
  1667 | D:2      | Reached XP level 4. HP: 27/34 MP: 4/4
  1842 | D:3      | Noticed Stendarr's ghost (amateur MiWn)
  2736 | D:4      | Found a staircase to the Ecumenical Temple.
  2747 | Temple   | Entered the Ecumenical Temple
  2821 | Temple   | Became a worshipper of the Wu Jian Council
  2982 | D:4      | Got a crystal trident
  2987 | D:4      | Identified the cursed +2 trident "Livagroitav" {venom, rF+ Stlth+} (You found it on level 4 of the Dungeon)
  3090 | D:4      | Reached skill level 1 in Polearms
  3090 | D:4      | Reached XP level 5. HP: 41/41 MP: 5/5
  3155 | D:4      | Reached skill level 2 in Polearms
  3226 | D:4      | Reached skill level 5 in Dodging
  3506 | D:4      | Reached skill level 3 in Polearms
  3506 | D:4      | Reached XP level 6. HP: 47/47 MP: 6/6
  3605 | D:5      | Entered Level 5 of the Dungeon
  3715 | D:5      | Reached skill level 4 in Polearms
  3907 | D:5      | Found a glowing golden altar of the Shining One.
  3911 | D:5      | Reached XP level 7. HP: 53/53 MP: 7/7
  3924 | D:5      | Reached skill level 5 in Polearms
  3937 | D:5      | Reached * piety under Wu Jian
  4172 | D:5      | Reached skill level 6 in Polearms
  4416 | D:5      | Reached XP level 8. HP: 36/61 MP: 8/8
  4688 | D:5      | Reached skill level 7 in Polearms
  5017 | D:6      | Reached skill level 5 in Fighting
  5038 | D:6      | Noticed Protee's ghost (novice DrTm)
  5043 | D:6      | You fall through a shaft for 2 floors!
  5121 | D:8      | Noticed a two-headed ogre
  5184 | D:8      | Found Xecel's General Store.
  5192 | D:8      | Bought a scroll of blinking for 90 gold pieces
  5291 | D:6      | Reached skill level 8 in Polearms
  5304 | D:7      | Slain by an orc warrior

Vault maps used:
D:1:      evilmike_arrival_hilbert_curve, lemuel_another_geyser
D:2:      uniq_jessica
D:3:      elyvilon_altar_5
D:4:      temple_fountains, first_bread, st_stairs_14
D:5:      tso_metal_star
D:6:      kennysheep_orc_sif_temple, grunt_dithmenos_smoke_and_mirrors,
          uniq_edmund
D:8:      serial_shops, nicolae_shop_crystal, special_room
Temple:   minmay_crystal_snake_temple

Skill      XL: |  1  2  3  4  5  6  7  8 |
---------------+-------------------------+-----
Staves         | 3 |  3.5
Fighting       | 3 4 5 |  5.2
Polearms       | 1 3 4 6 8 |  8.0
Dodging        | 5 6 |  6.9
Throwing       | 3 4 |  4.8

Action                   |  1- 3 |  4- 6 |  7- 9 || total
-------------------------+-------+-------+-------++-------
Melee: Quarterstaff      |   118 |    35 |       ||   153
       Trident           |       |    65 |   122 ||   187
Throw: Throwing net      |       |       |     2 ||     2
       Tomahawk          |       |       |     5 ||     5
  Use: Potion            |       |     2 |       ||     2
       Scroll            |       |       |     5 ||     5
 Stab: Sleeping          |     3 |     3 |     2 ||     8
       Distracted        |       |     1 |       ||     1
  Eat: Chunk             |     2 |     3 |     4 ||     9
       Bread ration      |       |     1 |       ||     1
Armor: Leather armour    |    37 |    17 |     9 ||    63
Dodge: Dodged            |   108 |    54 |    82 ||   244
